 Dungeon Crawl Stone Soup version 0.30-a0-371-gad7725a93e (webtiles) character file.

Game seed: 17740986721457194901

2573 bande the Chopper (level 9, -3/54 HPs)
             Began as a Gargoyle Fighter on Nov 21, 2022.
             Was a Priest of Okawaru.
             Slain by a killer bee (4 damage)
             ... on level 7 of the Dungeon.
             The game lasted 00:12:07 (6100 turns).

bande the Chopper (Gargoyle Fighter)                Turns: 6100, Time: 00:12:07

Health: -3/54      AC: 21    Str: 19    XL:     9   Next: 57%
Magic:  12/12      EV:  7    Int: 12    God:    Okawaru [***...]
Gold:   316        SH: 11    Dex: 18    Spells: 8/8 levels left

rFire   + + .      SeeInvis .    a - +0 war axe (flame)
rCold   . . .      Faith    .    c - +0 buckler
rNeg    + . .      Spirit   .    j - +0 chain mail
rPois   ∞          Reflect  +    h - +0 hat of Theory {Slay+3}
rElec   +          Harm     .    x - scarf {repulsion}
rCorr   .          Rampage  .    z - +0 pair of gloves
Will    .....                    b - +2 pair of boots of the Moon Troll {+Blink Int+2 Dex+3}
Stlth   ..........               n - amulet of Gyippite {Reflect rF++ Dex+2 SH+5}
HPRegen 0.29/turn                (no ring)
MPRegen 0.13/turn                (no ring)

@: repel missiles
A: sickness immunity, AC +6, negative energy resistance 1, electricity
resistance, torment resistance 1, petrification resistance
a: Renounce Religion, Evoke Blink, Heroism


You were on level 7 of the Dungeon.
You worshipped Okawaru.
Okawaru was most pleased with you.
You visited 1 branch of the dungeon, and saw 7 of its levels.
You also visited: Sewer.

You collected 316 gold pieces.

Inventory:

Hand Weapons
 a - a +0 war axe of flaming (weapon)
 i - a +0 flail
Armour
 b - the +2 pair of boots of the Moon Troll (worn) {+Blink Int+2 Dex+3}
   (You acquired it on level 3 of the Dungeon)

   Int:       It affects your intelligence (+2).
   Dex:       It affects your dexterity (+3).
   +Blink:    It lets you blink.
 c - a +0 buckler (worn)
 h - the +0 hat of Theory (worn) {Slay+3}
   (You acquired it on level 3 of the Dungeon)

   Slay:      It affects your accuracy & damage with ranged weapons and melee
   (+3).
 j - a +0 chain mail (worn)
 x - a scarf of repulsion (worn)
 z - a +0 pair of gloves (worn)
Jewellery
 l - an amulet of guardian spirit
 n - the amulet of Gyippite (around neck) {Reflect rF++ Dex+2 SH+5}
   (You acquired it on level 3 of the Dungeon)

   [amulet of reflection]

   It reflects blocked missile attacks.
   Dex:       It affects your dexterity (+2).
   rF:        It greatly protects you from fire.
   SH:        It affects your SH (+5).
 s - a ring of wizardry
Wands
 q - a wand of mindburst (24)
 t - a wand of acid (16)
 y - a wand of flame (14)
Scrolls
 o - 4 scrolls of blinking
 r - 3 scrolls of teleportation
 A - a scroll of fog {unknown}
Potions
 d - a potion of might
 e - 7 potions of cancellation
 f - a potion of haste {unknown}
 g - 3 potions of heal wounds
 k - 3 potions of resistance
 m - a potion of brilliance {unknown}
 p - 2 potions of curing {unknown}
 u - 3 potions of invisibility
 v - a potion of flight {unknown}
 w - 2 potions of ambrosia {unknown}


   Skills:
 + Level 5.6 Fighting
 + Level 7.5 Axes
 + Level 6.0 Armour
 + Level 5.5 Shields
 * Level 4.1 Invocations
 * Level 4.4 Evocations


You had 8 spell levels left.
You didn't know any spells.
Your spell library contained the following spells:

 Spells                   Type           Power      Damage    Failure   Level
 Apportation              Tloc           0%         N/A       99%         1
 Necrotise                Necr           0%         1d4       99%         1
 Sting                    Tmut/Pois      0%         1d3       99%         1
 Poisonous Vapours        Pois/Air       0%         N/A       99%         2
 Dazzling Flash           Conj/Hex       0%         N/A       100%        3
 Gell's Gravitas          Tloc           0%         N/A       100%        3
 Teleport Other           Tloc           0%         N/A       100%        3
 Iskenderun's Mystic Bla  Conj/Tloc      0%         2d3       100%        4
 Olgreb's Toxic Radiance  Pois           0%         N/A       100%        4
 Dispersal                Tloc           0%         N/A       100%        6
 Starburst                Conj/Fire      0%         6d3       100%        6
 Summon Small Mammal      Summ           Unusable   N/A       N/A         1

Dungeon Overview and Level Annotations

Branches:
Dungeon (7/15)             Temple (0/1) D:6           Sewer (visited)

Altars:
Makhleb
Nemelex Xobeh
Okawaru
Wu Jian


Innate Abilities, Weirdness & Mutations

You are immune to sickness and miasma.
Your stone body is resilient. (AC +6)
You are immune to poison.
You resist negative energy. (rN+)
You are resistant to electric shocks. (rElec)
You are resistant to unholy torment.
You are immune to petrification.


Message History

You hit the killer bee. You burn the killer bee.
The bullfrog hits you but does no damage.
The killer bee stings you.
* * * LOW HITPOINT WARNING * * *
The bullfrog hits you.
* * * LOW HITPOINT WARNING * * *
You block the killer bee's attack.
You completely miss the bullfrog.
The bullfrog is lightly wounded.
You miss the killer bee. The killer bee closely misses you.
The bullfrog barely misses you. You block the killer bee's attack.
You block the bullfrog's attack.
You slash the bullfrog! You burn the bullfrog.
The bullfrog is severely wounded.
You slash the killer bee! You burn the killer bee.
The killer bee stings you but does no damage. x2
The bullfrog hits you but does no damage.
You block the killer bee's attack.
The bullfrog hits you but does no damage.
You barely miss the bullfrog.
The bullfrog is severely wounded.
You miss the killer bee. The killer bee barely misses you.
You block the bullfrog's attack. The killer bee stings you!
* * * LOW HITPOINT WARNING * * *
You block the bullfrog's attack.
Unknown command.
You hit the bullfrog. You burn the bullfrog.
You kill the bullfrog!
Okawaru accepts your kill.
You closely miss the killer bee. The killer bee closely misses you.
You block the killer bee's attack. x2
Unknown command.
The killer bee stings you.
* * * LOW HITPOINT WARNING * * *
Things that are here:
a bullfrog corpse; a killer bee corpse You closely miss the killer bee.
The killer bee is severely wounded.
You block the killer bee's attack. The killer bee stings you.
You die...

### #.# ####.# # #.# #.#
# #.# #.# ## .## ..##
########### ...##
#.......... ....##
##.#....### .....##
#.......@y#
......###..##.#†##.......
#......##..#...$.........
##......#..#..#.###...>..
......#'#..#..#... ......
....###.#..######........
..###.).#................
###...)##.######.##......
#....#..#.........#


You could see a killer bee.

Vanquished Creatures
  A water moccasin (D:7)
  A sky beast (D:6)
  An orc warrior (D:6)
  2 black bears
  An ice beast (D:7)
  An ogre (D:5)
  A phantom (D:4)
  A kobold brigand (D:7)
  4 bullfrogs (D:7)
  2 scorpions
  3 wights (D:6)
  5 killer bees (D:7)
  3 howler monkeys
  3 orc priests (D:6)
  4 hounds
  6 jellies
  2 iguanas (D:5)
  Natasha (twice) (D:2)
  6 orc wizards
  A gnoll (D:1)
  11 adders
  3 river rats
  A shadow imp (D:6)
  3 white imps
  3 worms
  2 dart slugs (D:4)
  18 orcs
  15 endoplasms
  8 giant cockroaches
  8 goblins
  3 hobgoblins
  9 jackals
  5 kobolds
  3 quokkas
  8 ball pythons
  2 bats
  A frilled lizard (D:1)
  23 rats
176 creatures vanquished.

Notes
Turn   | Place    | Note
-------+----------+-------------------------------------------
     0 | D:1      | bande the Gargoyle Fighter began the quest for the Orb.
     0 | D:1      | Reached XP level 1. HP: 14/14 MP: 1/1
   111 | D:1      | Reached XP level 2. HP: 11/19 MP: 2/2
   390 | D:1      | Reached skill level 2 in Axes
   454 | D:1      | Found a faded altar of an unknown god.
   610 | D:2      | Reached XP level 3. HP: 23/23 MP: 3/3
   615 | D:2      | Noticed Natasha
   618 | D:2      | Killed Natasha
  1191 | D:2      | Noticed Natasha
  1202 | D:2      | Killed Natasha
  1203 | D:2      | Reached XP level 4. HP: 11/29 MP: 4/4
  1539 | D:3      | Identified 3 scrolls of acquirement
  1539 | D:3      | Acquired the amulet of Gyippite {Reflect rF++ Dex+2 SH+5}
  1564 | D:3      | Acquired the +0 hat of Theory {Slay+3}
  1585 | D:3      | Acquired the +2 pair of boots of the Moon Troll {+Blink
                  | Int+2 Dex+3}
  1974 | D:3      | Reached skill level 1 in Evocations
  1974 | D:3      | Reached XP level 5. HP: 33/33 MP: 5/5
  2290 | D:4      | Identified the +1 scale mail of Theory {+Inv Fly rN+ Int+4}
  2317 | D:4      | Reached skill level 3 in Axes
  2331 | D:4      | Noticed a phantom
  2346 | D:4      | Killed a phantom
  2347 | D:4      | Reached XP level 6. HP: 35/38 MP: 6/6
  2385 | D:4      | Found an ornate altar of the Wu Jian Council.
  2424 | D:4      | Found a glowing drain.
  2477 | Sewer    | Entered a sewer
  2610 | Sewer    | Reached skill level 4 in Axes
  2729 | Sewer    | Found a viscous altar of Jiyva.
  2735 | Sewer    | Reached XP level 7. HP: 5/44 MP: 7/7
  3317 | D:4      | Found a burning altar of Makhleb.
  3317 | D:4      | Found an iron altar of Okawaru.
  3321 | D:4      | Became a worshipper of Warmaster Okawaru
  3492 | D:4      | Reached skill level 5 in Axes
  3846 | D:5      | Entered Level 5 of the Dungeon
  3940 | D:5      | Reached skill level 1 in Invocations
  4070 | D:5      | Found a sparkling altar of Nemelex Xobeh.
  4152 | D:5      | Reached XP level 8. HP: 48/48 MP: 9/9
  4990 | D:6      | Reached * piety under Okawaru
  5000 | D:6      | Reached skill level 5 in Armour
  5272 | D:6      | Reached skill level 5 in Fighting
  5272 | D:6      | Reached skill level 6 in Axes
  5625 | D:6      | Found a staircase to the Ecumenical Temple.
  5627 | D:6      | Reached XP level 9. HP: 43/54 MP: 11/11
  5895 | D:7      | Reached skill level 5 in Shields
  5967 | D:7      | Reached ** piety under Okawaru
  5973 | D:7      | Reached skill level 7 in Axes
  6093 | D:7      | Reached *** piety under Okawaru
  6097 | D:7      | HP: 2/54 [killer bee (7)]
  6100 | D:7      | Slain by a killer bee

Illustrated notes

Levels and vault maps discovered:
D:1:      nzn_arrival_settlement, layout_rooms,
          dreamdust_ecumenical_altar_angels_and_demons
D:2:      layout_basic, uniq_natasha
D:3:      layout_loops_cross, minmay_rat_hole
D:4:      minmay_diamond_boxcup, layout_basic, lemuel_crystal_altar,
          gammafunk_temple_overflow_elements, portal_sewer_entry_c,
          kennysheep_generic_room_3
D:5:      layout_basic, mainiacjoe_overflow_paths
D:6:      layout_basic, minmay_temple_entry_wispy
D:7:      minmay_razor_zed, layout_basic, enter_bailey_2, st_stairs_5

Skill      XL: |  1  2  3  4  5  6  7  8  9 |
---------------+----------------------------+-----
Axes           | 2 3 4 5 6 7 |  7.5
Armour         | 4 5 6 |  6.0
Fighting       | 4 5 |  5.6
Evocations     | 1 2 3 4 |  4.4
Shields        | 4 5 |  5.5
Invocations    | 1 3 4 |  4.1

Action                   |  1- 3 |  4- 6 |  7- 9 || total
-------------------------+-------+-------+-------++-------
Melee: War axe           |    65 |   188 |   217 ||   470
  Use: Scroll            |     3 |     7 |     7 ||    17
Armor: Scale mail        |     2 |       |       ||     2
       Chain mail        |    40 |    92 |   171 ||   303
Dodge: Dodged            |    19 |    42 |    66 ||   127
Block: Buckler           |    10 |    92 |   118 ||   220
       Reflection        |       |       |     2 ||     2

Table legend: (Time is in decaauts)
 A = Elapsed time spent in this place.
 B = Non-inter-level travel time spent in this place.
 C = Inter-level travel time spent in this place.
 D = Time resting spent in this place.
 E = Time spent auto-exploring this place.
 F = Levels seen in this place.
 G = Mean time per level.
                   A        B        C        D        E       F      G
               +--------+--------+--------+--------+--------+-----+--------+
         Total |   6277 |   6118 |    159 |    976 |   3676 |   8 |  784.6 |
       Dungeon |   5657 |   5498 |    159 |    734 |   3460 |   7 |  808.1 |
         Sewer |    620 |    620 |      0 |    242 |    216 |   1 |  620.0 |
               +--------+--------+--------+--------+--------+-----+--------+

Top non-repeatable levels by time:
     D:5: 1096 daAuts
     D:4: 1091 daAuts
     D:2: 1046 daAuts
     D:6: 962 daAuts
     D:3: 701 daAuts
   Sewer: 620 daAuts
     D:1: 525 daAuts
     D:7: 232 daAuts
